 Dungeon Crawl Stone Soup version 0.20.1-1-g8b1a95d (webtiles) character file.

63 Irenicus the Insei (level 4, 0/31 HPs)
             Began as an Octopode Chaos Knight on Oct 13, 2017.
             Slain by Crazy Yiuf
             ... wielding a +3 quarterstaff of chaos
              (6 damage)
             ... on level 2 of the Dungeon.
             The game lasted 00:02:11 (1438 turns).

Irenicus the Insei (Octopode Chaos Knight)          Turns: 1438, Time: 00:02:13

Health: 0/31       AC:  1    Str: 11    XL:     4   Next: 10%
Magic:  4/4        EV: 13    Int: 14    God:    Xom [..*...]
Gold:   73         SH:  0    Dex: 12    Spells: 2/3 levels left

rFire    . . .     SeeInvis .     - Unarmed
rCold    . . .     Gourm    .   (no shield)
rNeg     . . .     Faith    .   (helmet restricted)
rPois    .         Spirit   .   (no amulet)
rElec    .         Reflect  .   (no ring)
rCorr    .         Harm     .   (no ring)
MR       .....                  (no ring)
Stlth    ++........             (no ring)
Regen    0.1/turn               (no ring)
MPRegen  0.1/turn               (no ring)
                                (no ring)
                                (no ring)

@: lethally poisoned (0 -> -34)
A: almost no armour, stealthy swim, amphibious, 8 rings, constrict 8, camouflage
1, gelatinous body 1
a: Renounce Religion


You were on level 2 of the Dungeon.
You worshipped Xom.
You were a toy of Xom.
You were hungry.

You visited 1 branch of the dungeon, and saw 2 of its levels.

You collected 73 gold pieces.

Inventory:

Scrolls
 b - a scroll of identify {unknown}
 c - a scroll of noise {unknown}
 e - a scroll of teleportation {unknown}
Potions
 g - a potion of heal wounds {unknown}
 h - a potion of magic {unknown}
 j - a potion of cancellation
Books
 i - a book of Maledictions

   Spells                             Type                      Level
   a - Corona                         Hexes                        1
   b - Ensorcelled Hibernation        Hexes/Ice                    2
   c - Confuse                        Hexes                        3
   d - Tukima's Dance                 Hexes                        3
   e - Dazzling Spray                 Conjuration/Hexes            3
Comestibles
 a - 3 bread rations
 d - 2 meat rations
 f - a royal jelly


   Skills:
 - Level 3.0 Fighting
 - Level 2.3 Dodging
 + Level 4.8 Unarmed Combat


You had 2 spell levels left.
You knew the following spells:

 Your Spells              Type           Power        Failure   Level  Hunger
a - Corona                Hex            #......      28%         1    ##.....


Dungeon Overview and Level Annotations

Branches:
Dungeon (2/15)

Altars:
Fedhas

Annotations:
D:2 Crazy Yiuf


Innate Abilities, Weirdness & Mutations

You cannot wear most types of armour.
You are very stealthy in the water. (Stealth+)
You are amphibious.
You can wear up to eight rings at the same time.
You can use your tentacles to constrict eight enemies at once.
Your skin changes colour to match your surroundings (Stealth+).
Your rubbery body absorbs attacks. (AC +1, EV +1)


Message History

Crazy Yiuf shouts!
Crazy Yiuf closely misses you.
You closely miss Crazy Yiuf. You grab Crazy Yiuf. You constrict Crazy Yiuf.
Crazy Yiuf hits you with a quarterstaff of chaos!
You are poisoned.
You tentacle-slap Crazy Yiuf but do no damage.
Crazy Yiuf is lightly wounded.
You constrict Crazy Yiuf.
You feel sick.
Crazy Yiuf considers dialectic materialism.
Crazy Yiuf hits you with a quarterstaff of chaos!
* * * LOW HITPOINT WARNING * * *
You are more poisoned.
It was a potion of cancellation.
You feel magically purged.
Xom thinks this is hilarious!
You constrict Crazy Yiuf.
* * * LOW HITPOINT WARNING * * *
You feel very sick.
Crazy Yiuf hits you with a quarterstaff of chaos.
You die...
Xom chuckles heartily!

##### #.g)#
#.@.# #...#
###########
##'##
..........#
♣♣.♣
#########.#
♣.♣♣ #.##
♣♣.♣ #..#
♣.♣♣
#########..#
♣♣.♣♣
############
...........#
♣...♣♣
#...........


You could see Crazy Yiuf.

Vanquished Creatures
  An adder (D:2)
  An ooze (D:1)
  3 dart slugs
  A leopard gecko (D:2)
  A ball python (D:1)
  2 giant cockroaches (D:1)
  4 goblins
  6 hobgoblins
  5 jackals
  4 kobolds
  2 quokkas (D:2)
  4 bats (D:1)
  2 frilled lizards
  2 rats
38 creatures vanquished.

Notes
Turn   | Place    | Note
-------+----------+-------------------------------------------
     0 | D:1      | Irenicus the Octopode Chaos Knight began the quest for the Orb.
     0 | D:1      | Reached XP level 1. HP: 16/16 MP: 1/1
     8 | D:1      | XOM: butterfly on damage
    53 | D:1      | Reached XP level 2. HP: 6/21 MP: 2/2
   389 | D:1      | Reached skill level 4 in Unarmed Combat
   413 | D:1      | Reached XP level 3. HP: 23/26 MP: 3/3
   544 | D:1      | XOM: silly message
   594 | D:1      | XOM: harmless Hex miscast
   647 | D:1      | XOM: harmless Air miscast
   892 | D:2      | Found a blossoming altar of Fedhas.
   975 | D:2      | Reached XP level 4. HP: 21/31 MP: 4/4
  1187 | D:2      | Learned a level 1 spell: Corona
  1248 | D:2      | Found a runed door.
  1432 | D:2      | Noticed Crazy Yiuf
  1438 | D:2      | Slain by Crazy Yiuf

Skill      XL: |  1  2 |
---------------+-------+-----
Unarmed Combat | 4 |  4.8
Fighting       | |  3.0
Dodging        | |  2.3

Action                   |  1- 3 |  4- 6 || total
-------------------------+-------+-------++-------
Melee: Unarmed           |    75 |    12 ||    87
       Tentacles         |    13 |     2 ||    15
       Constrict         |    18 |     5 ||    23
       Punch             |     1 |     1 ||     2
 Cast: Corona            |       |     1 ||     1
  Use: Potion            |       |     1 ||     1
 Stab: Sleeping          |     4 |     1 ||     5
  Eat: Chunk             |       |     1 ||     1
Armor: Skin              |     7 |     1 ||     8
Dodge: Dodged            |    51 |     5 ||    56
